AoeStats
← Mowang

Black Forest

503768095Analyzed
4v4 RM · 1mo ago on Sep 2, 2026· 42m 44s· 8 players
Game mode
Random Map
Map size
Large (8 player)
Population
200
Speed
Normal
Resources
Standard
Victory
Conquest
Starting age
Dark Age
Ending age
Imperial Age
RankedLock teamsTeams togetherTeam positionsShared explorationLock speedFull tech treeHidden civsTurbo modeCheats
Victory
Defeat
🇨🇱 Saracens · Chile
1034
+14
🇲🇽 Romans · Mexico
1010
+16
🇨🇱 Byzantines · Chile
951
+18
🇲🇽 Khmer · Mexico
947
+18
🇲🇽 Spanish · Mexico
1028
-18
🇨🇳 Bohemians · China
1014
-17
🇨🇴 Bulgarians · Colombia
1000
-17
🇺🇸 Persians · United States
960
-15
1151596860
1:11 Loom
15:02 Feudal Age
15:57 Double-Bit Axe
15:57 Horse Collar
19:31 Castle Age
21:02 Bow Saw
28:04 Heavy Plow
30:43 Wheelbarrow
35:36 Imperial Age
33:40 Hand Cart
35:56 Chemistry
35:58 Elite Skirmisher
37:49 Bombard Tower
38:12 Conscription
37:58 Wagenburg Tactics
39:06 Squires
38:51 Arson
38:27 Pikeman
39:35 Fletching
39:45 Padded Archer Armor
Sri harsha
4:07 Loom
11:29 Feudal Age
16:06 Castle Age
14:06 Double-Bit Axe
14:03 Horse Collar
20:19 Bow Saw
21:12 Heavy Plow
24:47 Gold Mining
26:27 Caravan
30:40 Imperial Age
29:59 Stone Mining
31:13 Scale Barding Armor
31:19 Forging
32:12 Chemistry
31:33 Ballistics
32:13 Chain Barding Armor
31:45 Fletching
31:39 Cavalier
32:20 Husbandry
32:30 Bloodlines
32:55 Guilds
34:47 Two-Man Saw
34:06 Savar
36:45 Plate Barding Armor
36:46 Iron Casting
36:07 Bodkin Arrow
Rogebeto
3:11 Loom
12:04 Feudal Age
13:20 Wheelbarrow
12:35 Double-Bit Axe
14:43 Horse Collar
19:33 Castle Age
17:23 Fishing Lines
18:24 Gold Mining
24:40 Stone Mining
26:45 Hand Cart
30:28 Heavy Plow
30:24 Gillnets
31:13 Gold Shaft Mining
31:15 Stone Shaft Mining
30:59 Bow Saw
31:12 Gambesons
31:27 Squires
31:13 Arson
30:49 Pikeman
38:05 Imperial Age
36:21 Bloodlines
36:41 Husbandry
38:04 Scale Mail Armor
38:14 Forging
38:19 Cavalier
40:05 Elite Skirmisher
40:50 Thumb Ring
41:51 Scale Barding Armor
42:01 Chain Mail Armor
42:22 Iron Casting
israel_poker
11:49 Feudal Age
16:24 Castle Age
15:43 Double-Bit Axe
15:39 Horse Collar
21:40 Heavy Plow
22:32 Bow Saw
24:21 Wheelbarrow
26:03 Gold Mining
26:04 Stone Mining
26:59 Hand Cart
29:31 Stone Shaft Mining
29:22 Caravan
35:28 Imperial Age
33:26 Scale Barding Armor
33:22 Scale Mail Armor
33:32 Forging
33:12 Town Watch
33:13 Loom
35:30 Chain Barding Armor
35:26 Chain Mail Armor
35:47 Iron Casting
36:01 Ballistics
35:36 Murder Holes
35:51 Town Patrol
36:04 Husbandry
36:17 Bloodlines
36:36 Conscription
35:37 Elite Conquistador
37:51 Chemistry
37:49 Cavalier
39:01 Masonry
39:56 Paladin
41:50 Plate Barding Armor
41:45 Plate Mail Armor
42:16 Blast Furnace
LeFrosty
1:31 Loom
12:45 Feudal Age
17:06 Castle Age
16:26 Double-Bit Axe
19:48 Bow Saw
19:26 Horse Collar
19:31 Crossbowman
21:13 Heavy Plow
24:23 Wheelbarrow
24:07 Gold Mining
25:33 Fletching
26:43 Hand Cart
26:15 Town Watch
27:04 Bodkin Arrow
28:20 Fervor
28:42 Thumb Ring
28:40 Padded Archer Armor
31:33 Gold Shaft Mining
34:13 Imperial Age
33:35 Ballistics
34:14 Leather Archer Armor
35:02 Bracer
35:33 Ring Archer Armor
36:05 Chemistry
34:37 Arbalester
37:02 Siege Engineers
37:04 Scale Mail Armor
37:09 Scale Barding Armor
38:31 Elite Skirmisher
39:13 Murder Holes
42:37 Conscription
PGTKing50
0:31 Loom
13:51 Feudal Age
17:51 Castle Age
16:03 Double-Bit Axe
16:57 Horse Collar
18:46 Wheelbarrow
18:48 Bow Saw
18:44 Heavy Plow
27:37 Hand Cart
31:35 Imperial Age
28:53 Town Watch
30:18 Gold Mining
31:04 Ballistas
31:25 Town Patrol
32:13 Ballistics
32:03 Fortified Wall
32:36 Gold Shaft Mining
32:18 Squires
31:41 Pikeman
33:45 Chemistry
33:26 Crop Rotation
33:03 Scale Mail Armor
33:14 Forging
33:43 Heavy Scorpion
34:54 Halberdier
35:58 Siege Engineers
39:04 Iron Casting
38:45 Chain Mail Armor
40:46 Blast Furnace
Mowang
6:16 Loom
11:49 Feudal Age
13:45 Double-Bit Axe
17:53 Castle Age
18:08 Horse Collar
20:43 Heavy Plow
24:04 Bow Saw
26:55 Imperial Age
25:30 Forging
25:10 Fletching
27:40 Wheelbarrow
30:46 Elite Skirmisher
32:21 Hand Cart
33:35 Chemistry
34:09 Conscription
41:39 Pikeman
ThiranoMarck
1:39 Loom
11:12 Feudal Age
16:20 Castle Age
14:33 Double-Bit Axe
23:11 Horse Collar
24:23 Heavy Plow
30:08 Imperial Age
29:10 Wheelbarrow
28:36 Gold Mining
28:37 Stone Mining
28:42 Fletching
28:45 Fishing Lines
31:29 Gold Shaft Mining
31:01 Siege Engineers
31:57 Chemistry
31:18 Ballistics
30:55 Bodkin Arrow
31:35 Bow Saw
31:12 Town Watch
31:53 Double Crossbow
32:35 Bracer
33:06 Conscription
32:35 Heavy Scorpion
33:40 Forging
33:39 Scale Barding Armor
34:23 Light Cavalry
35:14 Bloodlines
35:04 Husbandry
35:11 Hussar
36:32 Iron Casting
36:18 Chain Barding Armor
38:17 Blast Furnace
Connection lost

Rejoining the realm…

Still unreachable

The connection could not be restored.

Session expired

The server has moved on; the page needs a fresh start.